 Dungeon Crawl Stone Soup version 0.13.0-18-g7b03ea5 (webtiles) character file.

432 Piginabag the Shield-Bearer (level 6, -3/53 HPs)
             Began as a Minotaur Fighter on Oct 23, 2013.
             Was an Initiate of Ashenzari.
             Killed from afar by an orc wizard (6 damage)
             ... with a magic dart
             ... on Level 3 of the Dungeon.
             The game lasted 00:14:45 (3027 turns).

Piginabag the Shield-Bearer (Minotaur Fighter)      Turns: 3027, Time: 00:14:46

HP  -3/53        AC  4     Str 23      XL: 6   Next:  2%
MP   2/2         EV 10     Int  5      God: Ashenzari [......]
Gold 161         SH  0     Dex  9      Spells:  0 memorised,  5 levels left

Res.Fire  : . . .   See Invis. : .   a - +0 hand axe (curse) {=f}
Res.Cold  : . . .   Warding    : +   l - +0 leather armour (curse)
Life Prot.: + . .   Conserve   : .   c - +0 shield (curse)
Res.Poison: .       Res.Corr.  : .   (helmet restricted)
Res.Elec. : .       Clarity    : .   (no cloak)
Sust.Abil.: . .     Spirit.Shd : .   k - +0 pair of gloves (curse)
Res.Mut.  : .       Stasis     : .   (no boots)
Res.Rott. : .       Flight     : .   j - amulet of warding
Saprovore : . . .                    (no ring)
                                     (no ring)

@: confused, slightly resistant to hostile enchantments, extremely unstealthy
A: retaliatory headbutt, horns 2
a: Renounce Religion


You were on level 3 of the Dungeon.
You worshipped Ashenzari.
Ashenzari was noncommittal.
You were not hungry.

You visited 1 branch of the dungeon, and saw 3 of its levels.

You collected 141 gold pieces.

Inventory:

Hand weapons
 a - a cursed +0,+0 hand axe (weapon) {=f}
 m - a cursed -3,-3 orcish hand axe (quivered)
Armour
 b - a +0 scale mail
 c - a cursed +0 shield (worn)
 e - a +0 ring mail
 k - a cursed +0 pair of gloves (worn)
 l - a cursed +0 leather armour (worn)
Comestibles
 d - a bread ration
 h - 3 meat rations
Scrolls
 g - 3 scrolls of identify
 i - a scroll of fear {unknown}
 o - a scroll of recharging {unknown}
 q - 2 scrolls of remove curse
Jewellery
 j - an amulet of warding (around neck)
Potions
 f - a potion of magic
 n - a potion of paralysis {unknown}
 p - a potion of curing {unknown}
 s - a potion of restore abilities {unknown}


   Skills:
 + Level 4.6 Fighting
 + Level 3.2 Axes
 + Level 4.7 Armour
 + Level 3.2 Dodging
 + Level 0.3 Stealth
 + Level 5.2 Shields


You had 5 spell levels left.
You didn't know any spells.

Dungeon Overview and Level Annotations

Branches:
Dungeon (3/27)

Altars:
Ashenzari
Cheibriados
Fedhas
Kikubaaqudgha
Trog
Xom


Innate Abilities, Weirdness & Mutations

You reflexively headbutt those who attack you in melee.
You have a pair of horns on your head.


Message History

You hit the orc priest.
The orc priest is almost dead.
You miss it.
You hear some strange, mumbled words.
You are confused.
The orc priest hits you with an orcish short sword.
* * * LOW HITPOINT WARNING * * *
It hits you.
* * * LOW HITPOINT WARNING * * *
The orc priest calls down the wrath of Beogh upon you.
Pain shoots through your body!
* * * LOW HITPOINT WARNING * * *
You closely miss the orc priest.
You headbutt the orc priest, but do no damage.
The orc priest is almost dead.
The orc priest hits you with an orcish short sword.
* * * LOW HITPOINT WARNING * * *
You hear some strange, mumbled words.
The magic dart hits you!
You die...

###### #.......#####.# #...#.#.#.
.....# #.............# #...#.#.#.
.....###.............# #...#.#...
)....##..............###...#...##
.........)..........)......+.....
.....##.............#####.##.....
.....##...#####.....##.........##
#....##.........o...##.........##
#....##.........@.####...........
#....####.........# #...........
###### #.........# ####........
#.........# #........ ###########
#........ #...(.... #........
#........ ##### #........


You could see an orc priest.

Vanquished Creatures
  An orc priest (D:3)
  Crazy Yiuf (D:2)
  3 orc wizards (D:3)
  Terence (D:2)
  5 adders
  An adder skeleton (D:3)
  A giant gecko (D:2)
  5 orcs (D:3)
  2 giant cockroaches
  6 goblins
  5 hobgoblins
  4 jackals (D:2)
  9 kobolds
  5 quokkas
  A ball python (D:1)
  9 bats
  2 giant newts
  13 rats
74 creatures vanquished.

Notes
Turn   | Place    | Note
--------------------------------------------------------------
     0 | D:1      | Piginabag, the Minotaur Fighter, began the quest for the Orb.
     0 | D:1      | Reached XP level 1. HP: 19/19 MP: 0/0
   193 | D:1      | Reached XP level 2. HP: 24/26 MP: 0/0
   384 | D:1      | Reached skill level 4 in Fighting
   504 | D:1      | Found an ancient bone altar of Kikubaaqudgha.
   697 | D:2      | Reached XP level 3. HP: 33/33 MP: 1/1
   886 | D:2      | Found a shattered altar of Ashenzari.
   888 | D:2      | Found a bloodstained altar of Trog.
   889 | D:2      | Found a blossoming altar of Fedhas.
   891 | D:2      | Found a shimmering altar of Xom.
   891 | D:2      | Found a snail-covered altar of Cheibriados.
   901 | D:2      | Became a worshipper of Ashenzari the Shackled
   961 | D:2      | Noticed Crazy Yiuf
   968 | D:2      | Killed Crazy Yiuf
   968 | D:2      | Reached skill level 1 in Dodging
  1160 | D:2      | Reached XP level 4. HP: 36/40 MP: 1/1
  1220 | D:2      | Noticed Terence
  1236 | D:2      | Killed Terence
  1719 | D:3      | Reached XP level 5. HP: 42/46 MP: 1/1
  1787 | D:3      | Reached skill level 5 in Shields
  3016 | D:3      | Reached XP level 6. HP: 41/53 MP: 2/2
  3027 | D:3      | Killed from afar by an orc wizard

Action                   |  1- 3 |  4- 6 || total
-------------------------+-------+-------++-------
Melee: Hand axe          |    89 |   145 ||   234
  Use: Scroll            |     3 |     2 ||     5
       Potion            |       |     1 ||     1
